 Dungeon Crawl Stone Soup version 0.23.0-3-gf3c87f2 (webtiles) character file.

Game seed: 18322249966044523573

3910 demenzo the Spear-Bearer (level 10, -10/71 HPs)
             Began as an Octopode Warper on Feb 24, 2019.
             Was a Believer of Nemelex Xobeh.
             Killed from afar by a hellephant (72 damage)
             ... with a blast of flame
             ... on level 1 of the Abyss.
             The game lasted 00:40:02 (15735 turns).

demenzo the Spear-Bearer (Octopode Warper)         Turns: 15735, Time: 00:40:02

Health: -10/71     AC:  1    Str: 10    XL:     10   Next: 20%
Magic:  13/13      EV: 14    Int: 18    God:    Nemelex Xobeh [**....]
Gold:   400        SH:  4    Dex: 17    Spells: 6/13 levels left

rFire    . . .     SeeInvis .   a - +0 dagger (venom)
rCold    + . .     Gourm    .   (no shield)
rNeg     . . .     Faith    .   (helmet restricted)
rPois    .         Spirit   .   q - +4 amulet of reflection
rElec    .         Reflect  +   h - ring of protection from cold
rCorr    .         Harm     .   u - +6 ring of dexterity
MR       .....                  H - ring of flight
Stlth    +++.......             (no ring)
HPRegen  0.21/turn              (no ring)
MPRegen  0.13/turn              (no ring)
                                (no ring)
                                (no ring)

@: studying Short Blades
A: almost no armour, stealthy swim, amphibious, 8 rings, constrict 8, tentacle
spike 1, camouflage 1, low mp 1, mutation resistance 1, weak 1, gelatinous body
1
a: Draw Escape, Draw Destruction, Draw Summoning, Renounce Religion, Evoke
Flight


You were on level 1 of the Abyss.
You worshipped Nemelex Xobeh.
Nemelex Xobeh was pleased with you.
You were not hungry.

You visited 2 branches of the dungeon, and saw 10 of its levels.
You visited the Abyss 1 time.

You collected 400 gold pieces.

Inventory:

Hand Weapons
 a - a +0 dagger of venom (weapon)
 b - a +0 shortbow
 e - a +0 trident
 p - a +1 spear
 I - a +0 broad axe
Missiles
 d - 4 tomahawks of dispersal
 r - 62 sling bullets
 y - 286 stones (quivered)
 z - 98 arrows
 A - 5 tomahawks
Jewellery
 h - a ring of protection from cold (left tentacle)
 q - a +4 amulet of reflection (around mantle)
 u - a +6 ring of dexterity (right tentacle)
 H - a ring of flight (on tentacle)
Wands
 s - a wand of acid (1)
 v - a wand of digging (6)
 w - a wand of iceblast (3)
 B - a wand of flame (19)
Scrolls
 c - a scroll of blinking
 i - 4 scrolls of teleportation
 n - 3 scrolls of remove curse
 o - 2 scrolls of random uselessness
 D - a scroll of fog {unknown}
 G - a scroll of magic mapping {unknown}
Potions
 g - 4 potions of flight
 j - 2 potions of mutation
 k - 2 potions of brilliance
 l - a potion of haste
 m - 3 potions of heal wounds
 t - a potion of invisibility
 C - 2 potions of curing {unknown}
 E - a potion of lignification {unknown}
 F - 2 potions of resistance {unknown}
Books
 x - a manual of Short Blades
Miscellaneous
 J - a box of beasts
Comestibles
 f - 6 rations


   Skills:
 + Level 7.4 Fighting
 * Level 8.0 Short Blades
 - Level 8.7 Polearms
 - Level 1.0 Throwing
 - Level 3.0 Dodging
 - Level 2.0 Spellcasting
 - Level 4.2 Translocations
 + Level 6.6 Invocations


You had 6 spell levels left.
You knew the following spells:

 Your Spells              Type           Power        Failure   Level  Hunger
a - Blink                 Tloc           N/A          4%          2    ###....
b - Shroud of Golubria    Chrm/Tloc      #.........   12%         2    ###....
c - Teleport Other        Tloc           ###.....     10%         3    ###....

Your spell library contained the following spells:

 Spells                   Type           Power        Failure   Level  Hunger
 Apportation              Tloc           ###...       3%          1    #......
 Gell's Gravitas          Tloc           ###.......   10%         3    ###....
 Lesser Beckoning         Tloc           ###.......   10%         3    ###....
 Animate Skeleton         Necr           N/A          19%         1    #......
 Confusing Touch          Hex            #.....       19%         1    #......
 Summon Small Mammal      Summ           #...         19%         1    #......
 Passage of Golubria      Tloc           N/A          32%         4    #####..


Dungeon Overview and Level Annotations

Branches:
Dungeon (9/15)             Temple (1/1) D:6
   Lair: D:8-11         Orc: D:9-12

Altars:
Ashenzari
Cheibriados
Dithmenos
Elyvilon
Fedhas
Gozag
Hepliaklqana
Kikubaaqudgha
Makhleb
Nemelex Xobeh
Okawaru
Qazlal
Ru
Sif Muna
Trog
Uskayaw
Vehumet
Wu Jian
Xom
Yredelemnul
Zin
The Shining One

Annotations:
D:2 exclusion: adder
D:7 2 transporters, exclusion: downstairs, Harold; Lasty's ghost, journeyman VSNe
D:8 1 exclusion, Erica


Innate Abilities, Weirdness & Mutations

You cannot wear most types of armour.
You are very stealthy in the water. (Stealth+)
You are amphibious.
You can wear up to eight rings at the same time.
You can use your tentacles to constrict eight enemies at once.
Your skin changes colour to match your surroundings (Stealth+).
Your rubbery body absorbs attacks. (AC +1, EV +1)
One of your tentacles bears a spike.
Your magical capacity is low. (-10% MP)
You are somewhat resistant to further mutation.
You are weak. (Str -2)


Message History

Unknown command.
Unknown command.
Found a ration.
You are no longer corroded.
f - 6 rations (gained 1)
Found a shattered altar of Ashenzari.
Found 48 gold pieces.
You now have 400 gold pieces (gained 48).
An insubstantial wisp comes into view.
A small abomination comes into view.
Found a gateway leading out of the Abyss.
A hellephant comes into view.
The hellephant trumpets!
You hear a bark!
You hear a chilling moan.
You hear a bark!
A large abomination comes into view.
The hellephant breathes flames at you. The blast of flame hits you!!!!
Ouch! That really hurt!
You die...
Your body glows slightly and disappears.

.... ...# ..####
.....# #.##.##
#.#...# #.#.#.###
#@..#...###
#XY.....#####...#
#....#... #...#.#
###. #.##.#.###.#
.. #. ... #.# ..
#. ##.# #.# # #.
##.####.# .. ...
#.# # .. # .##.#


You could see a hellephant and a large abomination.

Vanquished Creatures
  A two-headed ogre (D:8)
  A troll (D:8)
  A hornet (D:8)
  An ice beast (D:8)
  4 ogres (D:6)
  2 centaurs
  2 big kobolds
  3 bullfrogs
  2 scorpions
  9 wights (D:6)
  6 killer bees
  3 crimson imps
  A bullfrog zombie (D:7)
  A centaur zombie (D:6)
  3 hounds
  2 centaur skeletons (D:8)
  A bullfrog skeleton (D:7)
  4 orc priests
  7 orc wizards
  11 worker ants
  A hound zombie (D:5)
  3 gnolls (D:4)
  9 adders
  2 shadow imps
  3 oozes
  2 adder skeletons
  2 adder zombies
  A dart slug (D:2)
  6 leopard geckos
  19 orcs
  A ball python (D:1)
  6 giant cockroaches
  4 goblins
  A hobgoblin (D:1)
  5 jackals
  14 kobolds
  5 quokkas
  9 bats
  2 frilled lizards
  A jackal zombie (D:5)
  A quokka skeleton (D:4)
  7 rats
169 creatures vanquished.

Vanquished Creatures (others)
  A centaur (D:6)
1 creature vanquished.

Grand Total: 170 creatures vanquished

Notes
Turn   | Place    | Note
-------+----------+-------------------------------------------
     0 | D:1      | demenzo the Octopode Warper began the quest for the Orb.
     0 | D:1      | Reached XP level 1. HP: 14/14 MP: 3/3
     2 | D:1      | Noticed a halfling
     2 | D:1      | Noticed a felid
     4 | D:1      | Noticed a minotaur
     4 | D:1      | Noticed a formicid
     6 | D:1      | Noticed a vine stalker
     6 | D:1      | Noticed a draconian
     8 | D:1      | Noticed an elf
     8 | D:1      | Noticed a human
    10 | D:1      | Noticed a merfolk
    12 | D:1      | Noticed a vampire
    12 | D:1      | Noticed a ghoul
    14 | D:1      | Noticed a demigod
    16 | D:1      | Noticed a spriggan
    18 | D:1      | Noticed a tengu
    18 | D:1      | Noticed a demonspawn
    20 | D:1      | Noticed a naga
    20 | D:1      | Noticed a troll
    22 | D:1      | Noticed a dwarf
    22 | D:1      | Noticed a gargoyle
    24 | D:1      | Noticed an ogre
    24 | D:1      | Noticed a centaur
    26 | D:1      | Noticed an octopode
   144 | D:1      | Reached XP level 2. HP: 14/19 MP: 5/5
   221 | D:1      | Learned a level 2 spell: Blink
   224 | D:1      | Learned a level 2 spell: Shroud of Golubria
   956 | D:2      | Reached XP level 3. HP: 25/25 MP: 6/6
  2000 | D:2      | Reached XP level 4. HP: 29/30 MP: 7/7
  2745 | D:3      | Learned a level 3 spell: Teleport Other
  3172 | D:3      | Gained mutation: You are weak. (Str -2) [potion of
                  | mutation]
  3172 | D:3      | Gained mutation: One of your tentacles bears a spike.
                  | [potion of mutation]
  3172 | D:3      | Gained mutation: Your magical capacity is low. (-10% MP)
                  | [potion of mutation]
  3172 | D:3      | Gained mutation: You are somewhat resistant to further
                  | mutation. [potion of mutation]
  3532 | D:4      | Reached XP level 5. HP: 29/36 MP: 4/7
  3734 | D:4      | Found a sparkling altar of Nemelex Xobeh.
  3738 | D:4      | Became a worshipper of Nemelex Xobeh the Trickster
  4576 | D:4      | Received a gift from Nemelex Xobeh
  4737 | D:4      | Reached XP level 6. HP: 36/42 MP: 8/8
  5121 | D:5      | Entered Level 5 of the Dungeon
  5981 | D:5      | Reached skill level 5 in Polearms
  6480 | D:5      | Found a radiant altar of Vehumet.
  6694 | D:6      | Reached * piety under Nemelex Xobeh
  6694 | D:6      | Received a gift from Nemelex Xobeh
  6743 | D:6      | Reached XP level 7. HP: 39/48 MP: 6/9
  7070 | D:6      | Reached skill level 1 in Invocations
  8061 | D:6      | Reached XP level 8. HP: 48/54 MP: 7/9
  8067 | D:6      | Found a staircase to the Ecumenical Temple.
  8330 | D:6      | Reached skill level 5 in Fighting
  8966 | D:6      | Received a gift from Nemelex Xobeh
 10805 | D:7      | Reached XP level 9. HP: 62/62 MP: 8/10
 11081 | D:7      | Noticed Harold
 11089 | D:7      | Noticed Harold
 11089 | D:7      | Harold changed into Harold the wind drake
 11094 | D:7      | You fall through a shaft!
 11588 | D:7      | Found a transporter.
 11605 | D:7      | Found a transporter.
 11985 | D:7      | Noticed Lasty's ghost (journeyman VSNe)
 11988 | D:7      | Noticed a moth of wrath
 12170 | D:7      | Received a gift from Nemelex Xobeh
 12211 | D:7      | Reached ** piety under Nemelex Xobeh
 12537 | Temple   | Entered the Ecumenical Temple
 13331 | D:6      | Reached skill level 5 in Invocations
 13525 | D:8      | Noticed Erica
 13562 | D:8      | Reached skill level 1 in Short Blades
 13973 | D:8      | Received a gift from Nemelex Xobeh
 14060 | D:8      | Noticed a hornet
 14065 | D:8      | Killed a hornet
 14068 | D:8      | Noticed a two-headed ogre
 14519 | D:8      | Killed a two-headed ogre
 14519 | D:8      | Reached XP level 10. HP: 71/71 MP: 11/13
 15488 | D:8      | Noticed Erica
 15502 | D:9      | Cast into level 1 of the Abyss (drawing a card)
 15637 | Abyss:1  | Found a burning altar of Makhleb.
 15653 | Abyss:1  | Noticed a brown ugly thing
 15653 | Abyss:1  | Noticed a brown ugly thing
 15653 | Abyss:1  | Noticed a brown ugly thing
 15653 | Abyss:1  | Noticed a brown very ugly thing
 15700 | Abyss:1  | Found a shattered altar of Ashenzari.
 15734 | Abyss:1  | Noticed a hellephant
 15735 | Abyss:1  | Noticed a large abomination
 15735 | Abyss:1  | Killed from afar by a hellephant

Skill      XL: |  1  2  3  4  5  6  7  8  9 10 |
---------------+-------------------------------+-----
Polearms       | 3 4 5 6 8 |  8.7
Dodging        | 3 |  3.0
Fighting       | 3 4 5 7 |  7.4
Translocations | 4 |  4.2
Invocations    | 2 4 6 |  6.6
Short Blades   | 6 8 |  8.0
Throwing       | |  1.0
Spellcasting   | |  2.0

Action                   |  1- 3 |  4- 6 |  7- 9 | 10-12 || total
-------------------------+-------+-------+-------+-------++-------
Melee: Spear             |    79 |   207 |   168 |       ||   454
       Constrict         |    15 |    36 |    52 |     2 ||   105
       Tentacles         |     8 |    27 |    48 |     3 ||    86
       Kick              |       |    37 |    75 |     9 ||   121
       Dagger            |       |       |   125 |    14 ||   139
       Shortbow          |       |       |       |     2 ||     2
 Fire: Shortbow          |       |       |   146 |    25 ||   171
Throw: Tomahawk          |     1 |       |       |       ||     1
       Stone             |       |       |     1 |       ||     1
 Cast: Shroud of Golubri |     3 |    14 |    19 |       ||    36
       Blink             |     1 |       |    22 |     1 ||    24
       Teleport Other    |       |     3 |       |       ||     3
 Abil: Draw Destruction  |       |       |    18 |     4 ||    22
       Draw Escape       |       |       |     2 |     2 ||     4
       Draw Summoning    |       |       |     1 |       ||     1
Evoke: Wand              |       |       |     4 |     6 ||    10
  Use: Scroll            |       |    10 |     4 |     2 ||    16
       Potion            |       |     3 |       |       ||     3
 Stab: Sleeping          |    11 |    10 |     5 |       ||    26
       Distracted        |       |       |     1 |       ||     1
       Petrified         |       |       |     5 |       ||     5
  Eat: Chunk             |     4 |     9 |     8 |     1 ||    22
       Ration            |       |     2 |     6 |     1 ||     9
Armor: Skin              |     4 |    11 |     6 |     1 ||    22
Dodge: Dodged            |    28 |   123 |   111 |    23 ||   285
Block: Other             |       |     6 |    28 |     8 ||    42
       Reflection        |       |       |     2 |     5 ||     7
